 Dungeon Sprint DCSS version 0.17.2-1-ge4368a0 (webtiles) character file.

8789 mopl the Unseen (level 11, -1/54 HPs)
             Began as a Spriggan Assassin on Aug 21, 2016.
             Was an Elder of Trog.
             Slain by an orc high priest
             ... wielding a +0 long sword
              (6 damage)
             ... in the Dungeon (Sprint III: "The Ten Rune Challenge").
             The game lasted 00:07:50 (1721 turns).

mopl the Unseen (Spriggan Assassin)                 Turns: 1721, Time: 00:07:50

Health: -1/54      AC:  3    Str:  7    XL:     11   Next: 14%
Magic:  17/17      EV: 26    Int: 13    God:    Trog [****..]
Gold:   49         SH:  0    Dex: 21    Spells: 0 memorised, 10 levels left

rFire  . . .     SeeInvis +     a - +2 dagger
rCold  . . .     Clarity  .     c - +0 robe
rNeg   . . .     SustAt   .     (shield restricted)
rPois  .         Gourm    .     (helmet restricted)
rElec  .         Spirit   .     d - +0 cloak
rCorr  .         Warding  .     (gloves unavailable)
rMut   .         NoTele   +     (boots unavailable)
MR     +++..                    (no amulet)
Stlth  +++++++++.               (no ring)
                                (no ring)

@: exhausted, regenerating, slowed, quick, extremely resistant to hostile
enchantments, incredibly stealthy
A: unfitting armour, see invisible, herbivore 3, speed 3, slow metabolism 2
a: Berserk, Trog's Hand, Brothers in Arms, Burn Spellbooks, Renounce Religion


You were in the Dungeon.
You worshipped Trog.
Trog was greatly pleased with you.
You were very hungry.

You visited 1 branch You collected 49 gold pieces.

Inventory:

Hand Weapons
 a - a +2 dagger (weapon)
 b - a +0 blowgun
 y - a +2 long sword of holy wrath
 B - a +2 short sword of venom
Missiles
 e - 7 poisoned needles
 f - 9 curare-tipped needles
 D - 8 silver tomahawks
 E - 2 throwing nets (quivered)
 F - 9 needles of frenzy
 G - 7 exploding tomahawks
Armour
 c - a +0 robe (worn)
 d - a +0 cloak (worn)
Wands
 n - a wand of fireball (7)
Scrolls
 m - a scroll of blinking
 q - 2 scrolls of torment {unknown}
 r - a scroll of fog {unknown}
 s - 2 scrolls of remove curse
 v - a scroll of identify {unknown}
 w - a scroll of enchant weapon {unknown}
Potions
 h - 2 potions of curing
 i - a potion of heal wounds
 j - a potion of haste
 k - 2 potions of magic
 l - a potion of berserk rage {!q}
 o - 2 potions of degeneration {unknown}
 p - 2 potions of mutation {unknown}
 t - 2 potions of cure mutation {!q}
 u - a potion of lignification {unknown}
 z - 2 potions of invisibility {unknown}
 A - a potion of might
Miscellaneous
 C - a fan of gales
Comestibles
 g - a bread ration
 x - 4 fruits


   Skills:
 + Level 4.8 Fighting
 + Level 11.5 Short Blades
 * Level 18.1 Throwing
 + Level 8.1 Dodging
 + Level 19.9 Stealth
 + Level 7.2 Evocations


You had 10 spell levels left.
You didn't know any spells.

Dungeon Overview and Level Annotations

Branches:
Dungeon (1/1)

Altars:
Cheibriados
Dithmenos
Elyvilon
Fedhas
Gozag
Kikubaaqudgha
Makhleb
Nemelex Xobeh
Okawaru
Qazlal
Ru
Sif Muna
Trog
Vehumet
Xom
Yredelemnul
Zin
The Shining One
Jiyva
Lugonu


Innate Abilities, Weirdness & Mutations

You are tiny and cannot use many weapons and most armour.
You have supernaturally acute eyesight.
You are a herbivore.
You cover ground extremely quickly.
You need consume almost no food.


Message History

You are exhausted.
You feel yourself slow down.
You are feeling very hungry.
The sixfirhy closely misses you. The sixfirhy misses you.
The orc high priest yells repeatedly.
The orc high priest hits you with a long sword!
You hit the orc high priest but do no damage.
The orc high priest is almost dead.
The sixfirhy completely misses you. The sixfirhy closely misses you.
The orc sorcerer casts a spell.
The sixfirhy barely misses you.
You hit the orc high priest.
The orc high priest is almost dead.
The sixfirhy hits you!
* * * LOW HITPOINT WARNING * * *
The sixfirhy shocks you!
* * * LOW HITPOINT WARNING * * *
The sixfirhy completely misses you.
The orc high priest hits you with a long sword.
You die...

#..#___#__[#__#######$#
#..#÷..#..)#÷_#.$..ooo.
#..###'#'###'##o.4oooo.
#..#..........#o§.ooooo
...'.⌠........#o#
...#...######'#o#
...#.⌠.#__#...#3#################
...#...#__#...#o34)#.#.#)....#...
...#'###__#...##@#..#.##[###.#...
÷..#.))#__#...'##.#.#.##.#..##...
...#___#_.'...#...#..#..##..'....
▓▓▓▓▓▓▓▓▓▓▓▓▓▓▓▓▓▓▓▓▓▓▓▓▓▓▓▓#....
♣.....♣♣♣♣≈≈≈........≈≈≈...#....
♣♣.≈≈≈≈'♣♣'♣≈≈≈≈≈≈≈≈≈≈≈≈♣♣P.'....
≈+...††#.÷♣♣♣♣♣♣♣♣♣♣♣♣♣♣♣♣PP#....
♣♣♣♣♣♣♣#..♣♣ ♣♣♣##'## ###'♣♣♣♣♣
#...'


You could see an orc high priest, a sun demon, a sixfirhy, a chaos spawn, an orc
sorcerer, an orc priest, an orc wizard and an orc.

Vanquished Creatures
  Harold (D)
  Maud (D)
  Erolcha (D)
  Joseph (D)
  An orc sorcerer (D)
  A lindwurm (D)
  A spiny frog (D)
  A komodo dragon (D)
  A deep elf priest (D)
  3 wandering mushrooms (D)
  A fire drake (D)
  2 trapdoor spiders (D)
  4 redbacks (D)
  A shadow (D)
  2 hill giants (D)
  A spatial vortex (D)
  A swamp drake (D)
  A necrophage (D)
  3 two-headed ogres (D)
  2 brain worms (D)
  A water elemental (D)
  A wizard (D)
  A jelly (D)
  A wolf (D)
  Jessica (D)
  A necromancer (D)
  A kobold demonologist (D)
  3 humans (D)
  An ooze (D)
  2 rats (D)
43 creatures vanquished.

Vanquished Creatures (collateral kills)
  A spiny frog (D)
  An orc wizard (D)
2 creatures vanquished.

Vanquished Creatures (others)
  2 draconian scorchers (D)
  2 yaktaurs (D)
  An orc warrior (D)
  2 plants (D)
7 creatures vanquished.

Grand Total: 52 creatures vanquished

Notes
Turn   | Place    | Note
--------------------------------------------------------------
     0 | D        | mopl the Spriggan Assassin began the quest for the Orb.
     0 | D        | Reached XP level 1. HP: 10/10 MP: 2/2
    10 | D        | Reached skill level 6 in Stealth
    12 | D        | Reached skill level 3 in Throwing
    27 | D        | Noticed Jessica
    32 | D        | Killed Jessica
    32 | D        | Reached skill level 5 in Throwing
    32 | D        | Reached skill level 7 in Stealth
    32 | D        | Reached XP level 2. HP: 14/14 MP: 3/3
    32 | D        | Reached XP level 3. HP: 18/18 MP: 4/4
    38 | D        | Noticed a wolf
    79 | D        | Reached skill level 6 in Throwing
    79 | D        | Reached skill level 8 in Stealth
    89 | D        | Killed a yaktaur
    96 | D        | Killed a wolf
    96 | D        | Reached skill level 7 in Throwing
    96 | D        | Reached skill level 9 in Stealth
    96 | D        | Reached XP level 4. HP: 22/22 MP: 5/5
   116 | D        | Noticed a water elemental
   128 | D        | Killed a water elemental
   128 | D        | Reached skill level 8 in Throwing
   128 | D        | Reached skill level 10 in Stealth
   169 | D        | Found an iron altar of Okawaru.
   170 | D        | Found a bloodstained altar of Trog.
   170 | D        | Noticed a human
   170 | D        | Noticed a human
   172 | D        | Killed a human
   172 | D        | Reached skill level 10 in Throwing
   172 | D        | Reached skill level 12 in Stealth
   172 | D        | Reached XP level 5. HP: 25/25 MP: 6/6
   172 | D        | Reached XP level 6. HP: 30/30 MP: 7/7
   173 | D        | Killed a human
   173 | D        | Reached skill level 11 in Throwing
   173 | D        | Reached skill level 13 in Stealth
   179 | D        | Became a worshipper of Trog the Wrathful
   185 | D        | Found a glowing silver altar of Zin.
   185 | D        | Found a glowing golden altar of the Shining One.
   185 | D        | Found a white marble altar of Elyvilon.
   185 | D        | Noticed a deep elf priest
   188 | D        | Killed a deep elf priest
   188 | D        | Reached skill level 12 in Throwing
   188 | D        | Reached skill level 14 in Stealth
   188 | D        | Reached XP level 7. HP: 33/33 MP: 8/8
   200 | D        | Found a snail-covered altar of Cheibriados.
   200 | D        | Noticed a necrophage
   201 | D        | Found a basalt altar of Yredelemnul.
   201 | D        | Found a blossoming altar of Fedhas.
   201 | D        | Noticed a necromancer
   202 | D        | Killed a necrophage
   202 | D        | Reached skill level 3 in Short Blades
   202 | D        | Reached skill level 13 in Throwing
   203 | D        | Killed a necromancer
   203 | D        | Reached * piety under Trog
   228 | D        | Found a radiant altar of Vehumet.
   229 | D        | Found a deep blue altar of Sif Muna.
   229 | D        | Found an ancient bone altar of Kikubaaqudgha.
   229 | D        | Noticed a wizard
   230 | D        | Killed a wizard
   232 | D        | Reached ** piety under Trog
   234 | D        | Reached *** piety under Trog
   253 | D        | Killed a white draconian scorcher
   254 | D        | Noticed a jelly
   255 | D        | Noticed a shadow
   257 | D        | Killed a shadow
   257 | D        | Reached skill level 4 in Short Blades
   257 | D        | Reached skill level 15 in Stealth
   261 | D        | Killed a jelly
   266 | D        | Found a stormy altar of Qazlal.
   267 | D        | Found a sacrificial altar of Ru.
   267 | D        | Found a burning altar of Makhleb.
   267 | D        | Found a viscous altar of Jiyva.
   267 | D        | Found a shimmering altar of Xom.
   267 | D        | Found a shadowy altar of Dithmenos.
   267 | D        | Found a sparkling altar of Nemelex Xobeh.
   267 | D        | Found a corrupted altar of Lugonu.
   267 | D        | Found an opulent altar of Gozag.
   267 | D        | Noticed a spatial vortex
   271 | D        | Killed a spatial vortex
   271 | D        | Reached skill level 5 in Short Blades
   271 | D        | Reached XP level 8. HP: 37/37 MP: 9/9
   283 | D        | Noticed a two-headed ogre
   283 | D        | Noticed a two-headed ogre
   329 | D        | Killed a two-headed ogre
   354 | D        | Killed a two-headed ogre
   354 | D        | Reached skill level 14 in Throwing
   421 | D        | Killed a white draconian scorcher
   515 | D        | Noticed a hill giant
   518 | D        | Killed a hill giant
   518 | D        | Reached **** piety under Trog
   522 | D        | Noticed a hill giant
   522 | D        | Noticed Erolcha
   522 | D        | Noticed a trapdoor spider
   540 | D        | Killed Erolcha
   540 | D        | Reached skill level 7 in Short Blades
   540 | D        | Reached skill level 16 in Stealth
   591 | D        | Killed a hill giant
   591 | D        | Reached skill level 15 in Throwing
   632 | D        | Noticed a redback
   644 | D        | Noticed a two-headed ogre
   665 | D        | Killed a redback
   665 | D        | Reached XP level 9. HP: 33/41 MP: 10/10
   669 | D        | Killed a trapdoor spider
   669 | D        | Received a gift from Trog
   669 | D        | Reached skill level 8 in Short Blades
   669 | D        | Reached skill level 17 in Stealth
   733 | D        | Killed a two-headed ogre
   791 | D        | Noticed a trapdoor spider
   877 | D        | Killed a trapdoor spider
  1006 | D        | Killed a yaktaur
  1213 | D        | Noticed Harold
  1214 | D        | Noticed Joseph
  1218 | D        | Killed Harold
  1218 | D        | Received a gift from Trog
  1218 | D        | Reached ***** piety under Trog
  1218 | D        | Reached skill level 10 in Short Blades
  1218 | D        | Reached skill level 16 in Throwing
  1218 | D        | Reached skill level 18 in Stealth
  1218 | D        | Reached XP level 10. HP: 44/46 MP: 11/11
  1224 | D        | Killed Joseph
  1224 | D        | Reached skill level 2 in Fighting
  1224 | D        | Reached skill level 17 in Throwing
  1224 | D        | Reached skill level 3 in Dodging
  1224 | D        | Reached skill level 2 in Evocations
  1259 | D        | Noticed a wandering mushroom
  1263 | D        | Noticed a wandering mushroom
  1265 | D        | Noticed a wandering mushroom
  1266 | D        | Killed a wandering mushroom
  1276 | D        | Killed a wandering mushroom
  1276 | D        | Reached skill level 4 in Dodging
  1276 | D        | Reached skill level 3 in Evocations
  1280 | D        | Killed a wandering mushroom
  1280 | D        | Reached skill level 19 in Stealth
  1292 | D        | Noticed a spiny frog
  1292 | D        | Noticed a komodo dragon
  1292 | D        | Noticed a spiny frog
  1301 | D        | Killed a spiny frog
  1301 | D        | Received a gift from Trog
  1301 | D        | Reached skill level 3 in Fighting
  1301 | D        | Reached skill level 4 in Evocations
  1303 | D        | Killed a komodo dragon
  1303 | D        | Reached skill level 5 in Dodging
  1306 | D        | Killed a spiny frog
  1534 | D        | Noticed an orc priest
  1534 | D        | Noticed an orc priest
  1566 | D        | Noticed a swamp drake
  1566 | D        | Noticed a fire drake
  1567 | D        | Killed a fire drake
  1569 | D        | Killed a swamp drake
  1573 | D        | Noticed a redback
  1575 | D        | Killed a redback
  1575 | D        | Reached skill level 5 in Evocations
  1576 | D        | Noticed a brain worm
  1579 | D        | Killed a brain worm
  1579 | D        | Reached skill level 6 in Dodging
  1581 | D        | Noticed a brain worm
  1584 | D        | Killed a brain worm
  1587 | D        | Noticed a lindwurm
  1589 | D        | Noticed a redback
  1590 | D        | Killed a lindwurm
  1590 | D        | Reached skill level 11 in Short Blades
  1592 | D        | Killed a redback
  1592 | D        | Reached skill level 4 in Fighting
  1596 | D        | Noticed a redback
  1597 | D        | Killed a redback
  1597 | D        | Received a gift from Trog
  1599 | D        | Noticed Maud
  1601 | D        | Killed Maud
  1601 | D        | Reached skill level 18 in Throwing
  1601 | D        | Reached skill level 7 in Dodging
  1601 | D        | Reached skill level 6 in Evocations
  1601 | D        | Reached XP level 11. HP: 51/54 MP: 14/17
  1630 | D        | Noticed a blink frog
  1630 | D        | Noticed a blink frog
  1630 | D        | Noticed a blink frog
  1679 | D        | Noticed an orc warrior
  1680 | D        | Noticed an orc sorcerer
  1681 | D        | Noticed an orc wizard
  1681 | D        | Noticed an orc wizard
  1681 | D        | Noticed an orc priest
  1681 | D        | Noticed an orc sorcerer
  1681 | D        | Noticed an orc high priest
  1681 | D        | Noticed an orc high priest
  1681 | D        | Noticed an orc priest
  1681 | D        | Noticed an orc wizard
  1685 | D        | Killed an orc wizard
  1685 | D        | Received a gift from Trog
  1688 | D        | Killed an orc warrior
  1709 | D        | Killed an orc sorcerer
  1709 | D        | Reached skill level 8 in Dodging
  1709 | D        | Reached skill level 7 in Evocations
  1717 | D        | Noticed a sun demon
  1721 | D        | Slain by an orc high priest

Action                   |  1- 3 |  4- 6 |  7- 9 | 10-12 || total
-------------------------+-------+-------+-------+-------++-------
Melee: Dagger            |    10 |    11 |    15 |    39 ||    75
 Fire: Blowgun           |     7 |       |    30 |       ||    37
Throw: Tomahawk          |       |       |       |     8 ||     8
       Throwing net      |       |       |       |     3 ||     3
Invok: Burn Spellbooks   |       |       |     1 |       ||     1
       Brothers in Arms  |       |       |     1 |     4 ||     5
       Berserk           |       |       |     1 |     2 ||     3
       Trog's Hand       |       |       |     1 |     1 ||     2
  Use: Potion            |       |     1 |       |       ||     1
 Stab: Sleeping          |     5 |     3 |    10 |    10 ||    28
       Distracted        |       |       |     1 |       ||     1
       Held in net/web   |       |       |       |     2 ||     2
  Eat: Royal jelly       |       |       |       |     1 ||     1
